 Dungeon Crawl Stone Soup version 0.25-a0-578-gc91f01c39c (webtiles) character file.

Game seed: 2445094658452451521, levelgen mode: deterministic

669 DerDa the Chiller (level 7, -4/47 HPs)
             Began as a Demonspawn Ice Elementalist on Mar 6, 2020.
             Slain by an ice beast (7 damage)
             ... on level 4 of the Dungeon.
             The game lasted 00:12:14 (4819 turns).

DerDa the Chiller (Demonspawn Ice Elementalist)     Turns: 4819, Time: 00:12:15

Health: -4/47      AC:  9    Str: 12    XL:     7   Next: 32%
Magic:  11/14      EV: 12    Int: 21    God:
Gold:   194        SH:  0    Dex: 17    Spells: 1/16 levels left

rFire    . . .     SeeInvis .   s - +7 long sword "Arcanum" {drain, Int+3}
rCold    . . .     Gourm    .   (no shield)
rNeg     . . .     Faith    .   a - +0 robe
rPois    .         Spirit   .   (no helmet)
rElec    .         Reflect  .   b - +0 cloak
rCorr    .         Harm     .   (no gloves)
MR       +....                  (no boots)
Stlth    +++.......             (no amulet)
HPRegen  0.15/turn              o - ring of protection from magic
MPRegen  0.14/turn              q - +3 ring of strength

@: icy armour, hasted, very quick
A: talons 1, thin skeletal structure 2
a: no special abilities


You were on level 4 of the Dungeon.
You were very hungry.

You visited 1 branch of the dungeon, and saw 5 of its levels.

You collected 194 gold pieces.

Inventory:

Hand Weapons
 s - the +7 long sword "Arcanum" (weapon) {drain, Int+3}
   (You found it on level 4 of the Dungeon)

   A truly terrible weapon, it drains the life of those it strikes.
   It affects your intelligence (+3).
Missiles
 e - 101 stones (quivered)
Armour
 a - a +0 robe (worn)
 b - a +0 cloak (worn)
Jewellery
 o - a ring of protection from magic (left hand)
 q - a +3 ring of strength (right hand)
Scrolls
 g - a scroll of enchant weapon {unknown}
 h - 5 scrolls of teleportation
 j - 3 scrolls of blinking
 k - 2 scrolls of amnesia
 l - a scroll of immolation {unknown}
 m - a scroll of identify
 n - a scroll of magic mapping {unknown}
 r - 7 scrolls of remove curse {unknown}
Potions
 d - a potion of flight {unknown}
 i - a potion of lignification
Comestibles
 c - 11 rations


   Skills:
 + Level 0.7 Fighting
 + Level 1.9 Dodging
 - Level 1.7 Stealth
 * Level 5.3 Spellcasting
 * Level 1.0 Conjurations
 + Level 0.6 Summonings
 * Level 6.2 Ice Magic


You had one spell level left.
You knew the following spells:

 Your Spells              Type           Power        Failure   Level  Hunger
a - Freeze                Ice            ####         1%          1    None
b - Frozen Ramparts       Ice            ####..       2%          3    ##.....
c - Ozocubu's Armour      Chrm/Ice       ###.....     9%          3    ##.....
d - Hailstorm             Conj/Ice       ###.....     24%         4    ####...
e - Summon Ice Beast      Ice/Summ       ###.....     26%         4    ####...

Your spell library contained the following spells:

 Spells                   Type           Power        Failure   Level  Hunger


Dungeon Overview and Level Annotations

Branches:
Dungeon (5/15)
 Temple: D:4-7

Altars:
Okawaru

Annotations:
D:3 1 runed translucent door, Crazy Yiuf
D:5 Dowan, Duvessa


Innate Abilities, Weirdness & Mutations

You have sharp toenails.
You have a moderately thin skeletal structure. (Dex +4, Stealth+)


Message History

Duvessa closely misses you. The ice beast barely misses you.
There is a stone staircase leading up, spattered with blood here.
Unknown command.
Duvessa hits you with a +0 rapier. The ice beast hits you.
The ice beast freezes you! Dowan gestures at you while chanting.
The puff of frost hits you!
You climb upwards.
There is a stone staircase leading down here.
You see here a +0 giant club.
Casting: Freeze (safe; 1% risk of failure)
Confirm with . or Enter, or press ? or * to list all spells.
A film of ice covers your body! The ice beast hits you.
The ice beast freezes you!
* * * LOW HITPOINT WARNING * * *
Unknown command.
You feel yourself speed up. The ice beast hits you.
* * * LOW HITPOINT WARNING * * *
The ice beast freezes you!
You die...

###### ##### ##....#
....# ########..####
....#######....Y@..##
............########
....#########
.....######
####.).[..###
.#####>[...<##########
.....###.............##
####...###.#######....#
###........## #....#


You could see an ice beast.

Vanquished Creatures
  An ogre (D:4)
  2 phantoms (D:4)
  A centaur (D:4)
  A scorpion (D:4)
  3 orc wizards (D:4)
  2 worker ants (D:4)
  A hound skeleton (D:4)
  4 adders
  A worm (D:2)
  A dart slug (D:1)
  A leopard gecko (D:3)
  15 orcs
  8 bats
  3 giant cockroaches
  9 goblins
  7 hobgoblins
  13 jackals
  7 kobolds
  2 quokkas (D:4)
  6 frilled lizards
  5 rats
93 creatures vanquished.

Notes
Turn   | Place    | Note
-------+----------+-------------------------------------------
     0 | D:1      | DerDa the Demonspawn Ice Elementalist began the quest for
                  | the Orb.
     0 | D:1      | Reached XP level 1. HP: 13/13 MP: 3/3
   310 | D:1      | Gained mutation: You have a somewhat thin skeletal
                  | structure. (Dex +2, Stealth) [demonic ancestry]
   310 | D:1      | Reached XP level 2. HP: 19/19 MP: 3/5
   535 | D:1      | Reached skill level 4 in Ice Magic
   745 | D:1      | Found an iron altar of Okawaru.
  1241 | D:2      | Gained mutation: You have a moderately thin skeletal
                  | structure. (Dex +4, Stealth+) [demonic ancestry]
  1241 | D:2      | Reached XP level 3. HP: 23/24 MP: 7/7
  2075 | D:2      | Reached XP level 4. HP: 28/30 MP: 4/8
  2080 | D:2      | Learned a level 3 spell: Frozen Ramparts
  2084 | D:2      | Learned a level 3 spell: Ozocubu's Armour
  2874 | D:3      | Found a runed translucent door.
  2875 | D:3      | Noticed Crazy Yiuf
  3236 | D:4      | Got a transparent long sword
  3236 | D:4      | Identified the +7 long sword "Arcanum" {drain, Int+3} (You
                  | found it on level 4 of the Dungeon)
  3241 | D:4      | Noticed a phantom
  3242 | D:4      | Noticed a phantom
  3296 | D:4      | Reached skill level 5 in Ice Magic
  3296 | D:4      | Gained mutation: You have sharp toenails. [demonic
                  | ancestry]
  3296 | D:4      | Reached XP level 5. HP: 6/35 MP: 2/10
  3625 | D:4      | Killed a phantom
  3625 | D:4      | Reached XP level 6. HP: 26/41 MP: 12/12
  4150 | D:4      | Reached skill level 5 in Spellcasting
  4150 | D:4      | Reached skill level 6 in Ice Magic
  4150 | D:4      | Reached XP level 7. HP: 17/46 MP: 4/14
  4374 | D:4      | Learned a level 4 spell: Hailstorm
  4379 | D:4      | Learned a level 4 spell: Summon Ice Beast
  4612 | D:5      | Entered Level 5 of the Dungeon
  4623 | D:5      | Noticed Dowan
  4643 | D:5      | Noticed Duvessa
  4646 | D:4      | Reached skill level 1 in Conjurations
  4819 | D:4      | Slain by an ice beast

Levels and vault maps discovered:
D:1:      evilmike_arrival_hilbert_curve, layout_basic,
          okawaru_ov_weapons_minmay
D:2:      layout_loops_corners, first_ration
D:3:      layout_loops_corners, uniq_crazy_yiuf_cottage
D:4:      layout_rooms
D:5:      layout_layer_cave, uniq_duvessa

Skill      XL: |  1  2  3  4  5  6  7 |
---------------+----------------------+-----
Ice Magic      | 4 5 6 |  6.2
Spellcasting   | 3 4 5 |  5.3
Conjurations   | 1 |  1.0
Fighting       | |  0.7
Dodging        | |  1.9
Stealth        | |  1.7
Summonings     | |  0.6

Action                   |  1- 3 |  4- 6 |  7- 9 || total
-------------------------+-------+-------+-------++-------
Melee: Falchion          |    11 |     6 |       ||    17
       Whip              |     5 |       |       ||     5
       Long sword        |       |    30 |     6 ||    36
       Kick              |       |     4 |     4 ||     8
 Cast: Freeze            |    63 |    48 |    10 ||   121
       Ozocubu's Armour  |       |       |     2 ||     2
       Frozen Ramparts   |       |       |     1 ||     1
  Use: Scroll            |       |     3 |       ||     3
       Potion            |       |     3 |     1 ||     4
 Stab: Sleeping          |     1 |       |     1 ||     2
  Eat: Chunk             |     4 |     6 |     1 ||    11
Armor: Robe              |    18 |    14 |     6 ||    38
       Skin              |       |     3 |       ||     3
Dodge: Dodged            |    36 |    49 |    17 ||   102
       Rpst.: Falchion   |     3 |     3 |       ||     6
       Long sword        |       |    13 |     7 ||    20

Table legend:
 A = Non-vault XP
 B = Vault XP
 C = Vault XP percentage of total XP
 D = Non-vault monster count
 E = Vault monster count
 F = Vault count percentage of total count
                 A         B        C        D         E       F
            +---------+---------+-------+---------+---------+-------
      Total |     956 |       0 |   0.0 |      93 |       0 |   0.0
            +---------+---------+-------+---------+---------+-------
        D:1 |      40 |       0 |   0.0 |      24 |       0 |   0.0
        D:2 |      62 |       0 |   0.0 |      23 |       0 |   0.0
        D:3 |      60 |       0 |   0.0 |      16 |       0 |   0.0
        D:4 |     785 |       0 |   0.0 |      26 |       0 |   0.0
        D:5 |       9 |       0 |   0.0 |       4 |       0 |   0.0
            +---------+---------+-------+---------+---------+-------
